 Dungeon Crawl Stone Soup version 0.31-a0-841-g038b102fc3 (webtiles) character file.

Game seed: 10129081582354258308

43 Kurtz the Trooper (level 3, -3/26 HPs)
             Began as an Octopode Fighter on Sept 27, 2023.
             Slain by Robin
             ... wielding a +0 whip
              (4 damage)
             ... on level 1 of the Dungeon.
             The game lasted 00:00:46 (916 turns).

Kurtz the Trooper (Octopode Fighter)                 Turns: 916, Time: 00:00:47

Health: -3/26      AC:  1    Str: 17    XL:     3   Next: 58%
Magic:  3/3        EV: 13    Int: 10    God:
Gold:   26         SH:  4    Dex: 11    Spells: 2/2 levels left

rFire   . . .        i - +0 broad axe
rCold   . . .        b - +0 buckler
rNeg    . . .        (helmet restricted)
rPois   .            (no amulet)
rElec   .            (no ring)
rCorr   .            (no ring)
SInv    .            (no ring)
Will    .....        (no ring)
Stlth   ++           (no ring)
HPRegen 0.24/turn    (no ring)
MPRegen 0.08/turn    (no ring)
                     (no ring)

%: no passive effects
@: no status effects
A: almost no armour, amphibious, 8 rings, camouflage 1, gelatinous body 1,
(nimble swimmer 1), tentacles
a: no special abilities


You were on level 1 of the Dungeon.
You visited 1 branch of the dungeon, and saw 2 of its levels.

You collected 26 gold pieces.

Inventory:

Hand Weapons
 a - a +0 war axe
 i - a +0 broad axe (weapon)
Missiles
 d - 7 boomerangs
Armour
 b - a +0 buckler (worn)
Scrolls
 e - a scroll of revelation {unknown}
 f - a scroll of butterflies {unknown}
 j - a scroll of vulnerability {unknown}
Potions
 c - a potion of might
 g - a potion of haste {unknown}
 h - 2 potions of heal wounds {unknown}


   Skills:
 + Level 3.3 Fighting
 * Level 3.1 Axes
 - Level 3.0 Dodging
 + Level 0.8 Stealth
 + Level 3.2 Shields


You had 2 spell levels left.
You didn't know any spells.
Your spell library contained the following spells:

 Spells                   Type           Power      Damage    Failure   Level
 Call Canine Familiar     Summ           0%         N/A       82%         3
 Sigil of Binding         Hex            0%         N/A       82%         3
 Dimensional Bullseye     Hex/Tloc       0%         N/A       99%         4
 Leda's Liquefaction      Hex/Erth       0%         N/A       99%         4


Dungeon Overview and Level Annotations

Branches:
Dungeon (2/15)

Altars:

Annotations:
D:1 Robin


Innate Abilities, Weirdness & Mutations

You cannot wear most types of armour.
You are amphibious.
You can wear up to eight rings at the same time.
Your skin changes colour to match your surroundings (Stealth+).
Your rubbery body absorbs attacks. (AC +1, EV +1)
((You are camouflaged when in or above water. (Stealth+)))
You have tentacles for arms and can constrict up to eight enemies at once.


Message History

You kill the hobgoblin!
You hit the goblin.
You kill the goblin!
You barely miss the frilled lizard. The frilled lizard closely misses you.
You barely miss the frilled lizard. Your grab misses the frilled lizard.
The frilled lizard misses you. The frilled lizard closely misses you.
You hit the frilled lizard but do no damage.
Your grab misses the frilled lizard. The frilled lizard bites you.
Unknown command.
You closely miss the frilled lizard. You grab the frilled lizard.
Your squeeze misses the frilled lizard. You constrict the frilled lizard.
You kill the frilled lizard!
No target in view!
No target in view!
You climb downwards.
Level annotation: Robin You block the goblin's attack.
The hobgoblin hits you! The goblin hits you with a +0 club.
The goblin closely misses you. x2
The goblin unwields a +0 dagger.
The goblin wields a +0 sling.
The goblin shoots a sling bullet.
The sling bullet closely misses you.
There is a stone staircase leading up here.
The hobgoblin barely misses you. The goblin hits you with a +0 club.
You block the goblin's attack. The goblin misses you.
The goblin shoots a sling bullet.
The sling bullet misses you.
You climb upwards.
There is a stone staircase leading down, spattered with blood here.
Items here: ))) ††.
Unknown command.
You hit the goblin. Your grab misses the goblin.
The goblin is heavily wounded.
You barely miss the goblin. You slash Robin! You hit the goblin.
You kill the goblin!
The goblin hits you with a +0 club. Robin hits you with a +0 whip.
* * * LOW HITPOINT WARNING * * *
The goblin hits you with a +0 dagger.
* * * LOW HITPOINT WARNING * * *
You block the goblin's attack. The goblin closely misses you.
Robin hits you with a +0 whip.
You die...
Robin lets out a smug laugh.

.##.# #.# #...#.#...#..........##
.##.###.###.###.#.#.#..#####.#...
.....##.....#.....#.....# #...##
.#....###.###.#######...# ######
.##).####.###.#### ##...# #
.###.##.#..#..##.# #....#########
.# #.##...#...##g# #.....).......
.# #.#####.#.###g# #.............
.###.#####.#.###@#####.^#########
...............)gg......#
####.###########.######.# ####.#
#.######.# .....# #........#
###### ##########


You could see Robin, a hobgoblin (strong) and 2 goblins.

Vanquished Creatures
  A dart slug (D:1)
  2 ball pythons (D:1)
  2 bats (D:1)
  4 endoplasms (D:1)
  A giant cockroach (D:1)
  7 goblins (D:1)
  6 hobgoblins
  4 jackals (D:1)
  3 kobolds (D:1)
  3 frilled lizards (D:1)
  A rat (D:1)
34 creatures vanquished.

Notes
Turn   | Place    | Note
-------+----------+-------------------------------------------
     0 | D:1      | Kurtz the Octopode Fighter began the quest for the Orb.
     0 | D:1      | Reached XP level 1. HP: 16/16 MP: 1/1
    38 | D:1      | Reached XP level 2. HP: 21/21 MP: 2/2
   298 | D:1      | Found a faded altar of an unknown god.
   376 | D:1      | Reached XP level 3. HP: 26/26 MP: 3/3
   831 | D:2      | Noticed Robin
   916 | D:1      | HP: 1/26 [goblin/+0 dagger[Robin] (4)]
   916 | D:1      | Slain by Robin

Illustrated notes

Levels and vault maps discovered:
D:1:      elethiomel_arrival_maze, layout_loops_ring,
          hellmonk_ecumenical_altar_leap_of_faith, minmay_bisected
D:2:      layout_basic, uniq_robin, uniq_sigmund

Skill      XL: |  1  2  3 |
---------------+----------+-----
Axes           | 3 |  3.1
Fighting       | |  3.3
Dodging        | |  3.0
Stealth        | |  0.8
Shields        | |  3.2

Action                     || total
---------------------------++-------
  Melee: War axe           ||    29
         Constrict         ||    10
         Tentacles         ||     5
         Broad axe         ||    13
   Stab: Sleeping          ||     4
 Armour: Skin              ||    28
  Dodge: Dodged            ||    50
  Block: Buckler           ||    15

Table legend: (Time is in decaauts)
 A = Elapsed time spent in this place.
 B = Non-inter-level travel time spent in this place.
 C = Inter-level travel time spent in this place.
 D = Time resting spent in this place.
 E = Time spent auto-exploring this place.
 F = Levels seen in this place.
 G = Mean time per level.
                   A        B        C        D        E       F      G
               +--------+--------+--------+--------+--------+-----+--------+
         Total |    936 |    906 |     30 |     58 |    682 |   2 |  468.0 |
       Dungeon |    936 |    906 |     30 |     58 |    682 |   2 |  468.0 |
               +--------+--------+--------+--------+--------+-----+--------+

Top non-repeatable levels by time:
     D:1: 921 daAuts
     D:2: 15 daAuts
